Map: Apotheosis LE

Players

Major (SpeCial) - Winner!

  • Race: Terran Terran
  • League: Master

SortOf

  • Race: Zerg Zerg
  • League: Master

Event: DreamHack ZOWIE Open Valencia 2016

VOD

Have the link to the VOD?

Description

Time

  • Played on: July 15, 2016, 6:23 a.m.
  • Length: 8:07

All games in this series

Show
View Real Time Build Order
Export as new Build Order

Major Terran - Winner!

Build Orders: Liberator Opening, Reaper Expand 

Get SALT Encoding   

  12  0:00  SCV  
  13  0:13  SCV  
  14  0:17  Supply Depot  
  14  0:25  SCV  
  15  0:39  SCV  
  15  0:40  Barracks  
  16  0:44  Refinery  
  16  0:51  SCV  
  17  1:03  SCV  
  18  1:15  SCV  
  19  1:28  Orbital Command, Reaper  
  20  1:40  Command Center  
  20  1:52  Supply Depot  
  20  1:54  SCV  
  20  2:00  Marine  
  22  2:06  Factory  
  22  2:08  SCV  
  23  2:20  SCV  
  23  2:21  Barracks Reactor  
  24  2:23  Refinery  
  24  2:32  SCV  
  25  2:44  SCV  
  26  2:53  Orbital Command  
  26  2:56  SCV, Starport  
  27  3:05  Hellion x2  
  31  3:08  SCV, Barracks Tech Lab  
  32  3:19  SCV  
  33  3:20  SCV  
  33  3:23  Liberator  
  33  3:25  Supply Depot  
  33  3:26  Hellion x2  
  38  3:31  SCV  
  38  3:32  SCV  
  43  3:43  SCV  
  43  3:45  SCV  
  45  3:53  Hellion  
  45  3:54  Supply Depot, Hellion  
  45  3:55  SCV  
  50  3:59  SCV  
  51  4:07  SCV  
  51  4:09  Command Center  
  52  4:11  SCV  
  53  4:17  Liberator  
  53  4:19  SCV  
  53  4:24  SCV  
  55  4:28  Barracks  
  55  4:30  Marine  
  55  4:31  Stimpack, SCV  
  56  4:32  Barracks  
  56  4:36  Factory Reactor  
  56  4:38  SCV  
  61  4:43  SCV  
  62  4:48  Engineering Bay  
  62  4:50  Engineering Bay  
  62  4:54  Supply Depot  
  62  5:07  Supply Depot  
  62  5:15  Marine  
  62  5:16  SCV x2  
  62  5:20  Starport Reactor  
  65  5:28  SCV x2, Marine  
  67  5:29  Marine  
  67  5:32  Factory Reactor, Barracks x2  
  67  5:33  Marine  
  65  5:35  Terran Infantry Weapons Level 1  
  65  5:36  Supply Depot, Terran Infantry Armor Level 1  
  65  5:37  Marine x2  
  65  5:40  SCV x2  
  67  5:44  Refinery  
  67  5:45  Refinery  
  67  5:46  Marine x2  
  60  5:51  Marine  
  60  5:52  SCV x2  
  60  5:53  Orbital Command  
  60  5:55  Marine x2  
  65  6:00  Bunker  
  65  6:04  Marine x2  
  65  6:08  Supply Depot, Medivac  
  65  6:09  Marine  
  65  6:10  SCV x2  
  72  6:12  Marine  
  72  6:13  Medivac  
  75  6:19  Marine, Orbital Command  
  75  6:20  Barracks Reactor  
  75  6:21  Barracks Reactor  
  75  6:23  SCV x2  
  78  6:26  Widow Mine x2  
  78  6:27  Supply Depot  
  78  6:29  Marine x3  
  78  6:30  Marine  
  86  6:35  SCV x2  
  86  6:36  Marine  
  86  6:39  Medivac  
  91  6:43  Medivac  
  91  6:45  SCV  
  91  6:46  Marine  
  95  6:47  SCV x2  
  95  6:49  Marine x3  
  100  6:54  Marine  
  100  6:58  SCV  
  100  6:59  SCV x2  
  104  7:01  Widow Mine x2  
  104  7:05  Bunker  
  108  7:09  Marine  
  108  7:10  Marine x7, Armory  
  108  7:12  Marine  
  117  7:16  Supply Depot  
  117  7:21  SCV x2  
  63  7:22  Medivac x2  
  119  7:27  Marine x2  
  125  7:31  Refinery  
  125  7:37  Marine x3  
  125  7:38  Supply Depot x2, SCV x3, Marine x2  
  133  7:46  Barracks  
  133  7:47  Barracks  
  133  7:56  Barracks  
Show
View Real Time Build Order
Export as new Build Order

SortOf Zerg 

Build Orders: Hatch First 

Get SALT Encoding   

  12  0:00  Drone  
  13  0:13  Overlord  
  13  0:17  Drone  
  14  0:31  Drone x2  
  16  0:36  Drone  
  17  0:52  Hatchery  
  17  0:55  Drone  
  17  0:59  Drone  
  17  1:01  Extractor  
  17  1:14  Spawning Pool  
  17  1:17  Drone  
  17  1:20  Drone  
  18  1:29  Drone  
  19  1:39  Overlord  
  19  1:50  Drone  
  20  2:01  Queen  
  20  2:02  Metabolic Boost  
  20  2:04  Zergling x4  
  20  2:08  Queen  
  24  2:12  Zergling x2  
  27  2:15  Drone  
  28  2:23  Drone  
  28  2:25  Drone  
  30  2:35  Overlord  
  30  2:37  Queen  
  31  2:47  Drone  
  31  2:48  Overlord  
  32  2:52  Drone  
  32  2:55  Pneumatized Carapace  
  32  2:56  Drone  
  32  2:57  Drone  
  35  3:05  Drone  
  35  3:08  Drone  
  37  3:14  Drone  
  37  3:15  Drone x2  
  37  3:17  Drone x2  
  37  3:18  Drone x2  
  44  3:22  Overlord  
  44  3:28  Zergling x2  
  45  3:38  Hatchery  
  44  3:42  Drone  
  44  3:44  Queen  
  44  3:48  Drone x3  
  49  3:52  Overlord  
  50  3:55  Queen  
  50  3:57  Drone  
  53  4:02  Extractor  
  53  4:06  Drone x2  
  53  4:07  Spore Crawler  
  53  4:10  Overlord  
  53  4:12  Zergling x6  
  56  4:19  Queen  
  56  4:22  Drone x2  
  59  4:27  Drone  
  59  4:28  Drone x2  
  62  4:32  Drone  
  62  4:33  Evolution Chamber  
  62  4:35  Evolution Chamber  
  61  4:39  Drone x4  
  65  4:52  Overlord  
  65  4:54  Drone x2  
  65  4:57  Spore Crawler  
  65  4:59  Lair  
  66  5:00  Drone x2, Spore Crawler  
  66  5:04  Zergling x4  
  66  5:13  Zergling x2  
  66  5:14  Zergling x6  
  61  5:21  Drone  
  61  5:22  Drone x4  
  61  5:27  Drone  
  59  5:30  Drone x3  
  59  5:33  Drone x2  
  54  5:36  Drone  
  54  5:39  Drone  
  54  5:42  Drone x2  
  53  5:47  Drone  
  55  5:50  Drone  
  55  5:53  Drone x2  
  55  5:58  Drone  
  55  5:59  Drone x2  
  55  6:01  Drone  
  59  6:06  Zerg Ground Armor Level 1  
  59  6:11  Zerg Melee Weapons Level 1  
  59  6:15  Roach Warren  
  58  6:20  Drone x2  
  58  6:23  Extractor  
  59  6:27  Drone  
  59  6:28  Overseer  
  59  6:31  Drone x2  
  63  6:32  Drone  
  63  6:33  Drone x6  
  63  6:37  Extractor  
  68  6:40  Extractor  
  68  6:46  Drone x5  
  68  6:47  Drone  
  70  6:55  Roach  
  70  7:00  Extractor  
  71  7:02  Roach x5  
  81  7:12  Overlord x3  
  81  7:13  Overlord  
  81  7:22  Ravager  
  82  7:24  Hatchery, Overlord, Infestation Pit  
  82  7:27  Drone  
  82  7:28  Drone  
  82  7:29  Overlord  
  82  7:32  Drone x3  
  82  7:33  Drone x2  
  82  7:34  Drone  
  82  7:35  Roach x2  
  92  7:39  Roach x2  
  92  7:43  Roach x2  

Tags
 
Add a new tag
Caveats
  • Supply blocks, unpowered buildings, or Contaminate may cause inaccurate times.
  • Supply counts are checked every 10 seconds.